 Dungeon Crawl Stone Soup version 0.31-a0-217-g58bb5d79cf (webtiles) character file.

Game seed: 1603160108492226449

107 qw the Shooter (level 4, -1/37 HPs)
             Began as a Minotaur Hexslinger on July 2, 2023.
             Slain by Terence
             ... wielding a +0 trident
              (4 damage)
             ... on level 3 of the Dungeon.
             The game lasted 00:00:47 (2607 turns).

qw the Shooter (Minotaur Hexslinger)                Turns: 2607, Time: 00:00:47

Health: -1/37      AC:  1    Str: 12    XL:     4   Next: 57%
Magic:  4/4        EV: 12    Int: 10    God:
Gold:   78         SH:  0    Dex: 15    Spells: 4/5 levels left

rFire   . . .        Y - +1 sling
rCold   . . .        (no shield)
rNeg    . . .        (no body armour)
rPois   .            (helmet restricted)
rElec   .            (no cloak)
rCorr   .            j - +0 pair of gloves
SInv    .            (no boots)
Will    .....        (no amulet)
Stlth   +            (no ring)
HPRegen 0.26/turn    (no ring)
MPRegen 0.09/turn

%: no passive effects
@: about to teleport
A: horns 2, retaliatory headbutt
a: no special abilities


You were on level 3 of the Dungeon.
You visited 1 branch of the dungeon, and saw 3 of its levels.

You collected 78 gold pieces.


Innate Abilities, Weirdness & Mutations

You have a pair of horns on your head.
You reflexively headbutt those who attack you in melee.


   Skills:
 + Level 2.4 Fighting
 - Level 5.0 Ranged Weapons
 - Level 2.1 Dodging
 - Level 1.0 Spellcasting
 - Level 2.0 Hexes


You had 4 spell levels left.
You knew the following spells:

 Your Spells              Type           Power      Damage    Failure   Level
a - Slow                  Hex            16%        N/A       16%         1

Your spell library contained the following spells:

 Spells                   Type           Power      Damage    Failure   Level
 Inner Flame              Hex/Fire       2%         N/A       56%         3
 Portal Projectile        Hex/Tloc       4%         N/A       56%         3
 Cause Fear               Hex            2%         N/A       83%         4

Inventory:

Hand Weapons
 Y - a +1 sling (weapon)
Armour
 a - the +0 leather armour "Ida Uceg" {rF- rN+ rCorr}
   (You found it on level 2 of the Dungeon)

   rF:        It makes you vulnerable to fire.
   rN:        It protects you from negative energy.
   rCorr:     It protects you from acid and corrosion.
 c - a +0 robe
 j - a +0 pair of gloves (worn)
 l - a +0 ring mail
Scrolls
 k - a scroll of silence {unknown}
 n - a scroll of butterflies {unknown}
Potions
 b - a potion of berserk rage {unknown}
 d - a potion of attraction {unknown}
 f - a potion of heal wounds {unknown}
 g - 2 potions of curing {unknown}
 h - a potion of invisibility {unknown}
 i - a potion of cancellation {unknown}
 m - a potion of haste {unknown}

Dungeon Overview and Level Annotations

Branches:
Dungeon (3/15)

Altars:
Makhleb

Annotations:
D:3 Terence


Message History

You shoot a sling bullet.
The sling bullet hits Terence but does no damage.
Terence is moderately wounded.
Terence hits you from afar with a +0 trident.
Enter note:
Enter note:
Enter note:
Enter note:
2596 ||| UPGRADING to +0 pair of gloves.
Terence barely misses you.
You start putting on your armour.
You continue putting on your +0 pair of gloves.
Terence closely misses you.
You continue putting on your +0 pair of gloves.
Terence hits you from afar with a +0 trident!
Keep equipping yourself?
You continue putting on your +0 pair of gloves.
Terence misses you.
You continue putting on your +0 pair of gloves.
Terence barely misses you.
You finish putting on your +0 pair of gloves.
2601 ||| UPGRADING to +0 ring mail.
Terence closely misses you.
You start removing your armour.
You continue taking off your +0 robe.
Terence misses you.
You continue taking off your +0 robe.
Terence misses you.
You continue taking off your +0 robe.
Terence hits you from afar with a +0 trident.
You continue taking off your +0 robe.
Terence hits you from afar with a +0 trident!
You finish taking off your +0 robe.
2606 ||| READING scroll of teleportation.
As you read the scroll of teleportation, it crumbles to dust.
You feel strangely unstable. Terence closely misses you.
2607 ||| UPGRADING to +0 leather armour "Ida Uceg" {rF- rN+ rCorr}.
Terence hits you from afar with a +0 trident.
Keep equipping yourself?
You die...

......#....# #...#...# #.#
#######....####...#...# #.#
#######.......)...#...# #.#
.................##...####.#
########.######.......'....#
########.# ####....######
.........#########...############
.................................
..............@.@..........(.....
##########..################.....
......................(....'.....
#######%..##....############.....
.......#####...## #.....
#.......# ###..## #.....
#.......# ##..# #..... #..[...##
######'### #..... #.....(#
#........######.....


You could see Terence.

Vanquished Creatures
  3 adders
  2 worms
  2 dart slugs
  An orc (D:3)
  8 ball pythons
  3 bats
  7 endoplasms
  2 giant cockroaches (D:1)
  3 goblins
  8 hobgoblins
  7 jackals
  7 kobolds
  4 quokkas
  A frilled lizard (D:1)
  5 rats
63 creatures vanquished.

Notes
Turn   | Place    | Note
-------+----------+-------------------------------------------
     0 | D:1      | qw the Minotaur Hexslinger began the quest for the Orb.
     0 | D:1      | Reached XP level 1. HP: 16/16 MP: 1/1
     0 | D:1      | 0 ||| qw: Version: 0.3-a-40-ge99b1a8
     0 | D:1      | 0 ||| qw: Game counter: 158
     0 | D:1      | 0 ||| qw: Melee chars always use a shield: true
     0 | D:1      | 0 ||| qw: God list: Okawaru
     0 | D:1      | 0 ||| qw: Allow faded altars: false
     0 | D:1      | 0 ||| qw: Do Orc after clearing Dungeon:15 true
     0 | D:1      | 0 ||| qw: Do second Lair branch before Depths: true
     0 | D:1      | 0 ||| qw: Lair rune preference: random
     0 | D:1      | 0 ||| qw: Goals: Normal
     0 | D:1      | 0 ||| PLANNING D:1-11
   153 | D:1      | Reached skill level 3 in Ranged Weapons
   246 | D:1      | Reached XP level 2. HP: 23/23 MP: 2/2
   758 | D:1      | 758 ||| FLEEEEING.
   859 | D:1      | Reached XP level 3. HP: 25/29 MP: 3/3
   989 | D:1      | 989 ||| READING scroll labelled SUOD ZEUT ELU.
   990 | D:1      | 990 ||| DROPPING scroll of poison.
  1113 | D:2      | Identified the +0 leather armour "Ida Uceg" {rF- rN+ rCorr}
  1479 | D:2      | Reached skill level 4 in Ranged Weapons
  1682 | D:2      | Found a faded altar of an unknown god.
  1806 | D:2      | 1806 ||| READING 2 scrolls labelled SAUGIT TODUITZ.
  1846 | D:3      | Reached XP level 4. HP: 36/36 MP: 4/4
  2121 | D:3      | Found a burning altar of Makhleb.
  2163 | D:3      | Reached skill level 5 in Ranged Weapons
  2535 | D:3      | Noticed Terence
  2596 | D:3      | 2596 ||| UPGRADING to +0 pair of gloves.
  2601 | D:3      | 2601 ||| UPGRADING to +0 ring mail.
  2605 | D:3      | HP: 2/37 [Terence/+0 trident (8)]
  2606 | D:3      | 2606 ||| READING scroll of teleportation.
  2607 | D:3      | 2607 ||| UPGRADING to +0 leather armour "Ida Uceg" {rF- rN+
                  | rCorr}.
  2607 | D:3      | Slain by Terence

Levels and vault maps discovered:
D:1:      dpeg_arrival_round_c, layout_loops_corners
D:2:      layout_basic, shapermc_ecumenical_altar_mp_ritualfount
D:3:      layout_basic, nicolae_overflow_hidden_temple, uniq_terence

Skill      XL: |  1  2  3  4 |
---------------+-------------+-----
Ranged Weapons | 3 4 5 |  5.0
Fighting       | 2 |  2.4
Dodging        | |  2.1
Spellcasting   | |  1.0
Hexes          | |  2.0

Action                     |  1- 3 |  4- 6 || total
---------------------------+-------+-------++-------
   Fire: Sling             |   122 |    69 ||   191
    Use: Scroll            |     2 |     1 ||     3
 Armour: Robe              |     5 |     8 ||    13
  Dodge: Dodged            |    37 |    33 ||    70

Table legend:
 A = Non-vault XP
 B = Vault XP
 C = Vault XP percentage of total XP
 D = Non-vault monster count
 E = Vault monster count
 F = Vault count percentage of total count
                 A         B        C        D         E       F
            +---------+---------+-------+---------+---------+-------
      Total |     154 |       0 |   0.0 |      63 |       0 |   0.0
            +---------+---------+-------+---------+---------+-------
        D:1 |      43 |       0 |   0.0 |      24 |       0 |   0.0
        D:2 |      51 |       0 |   0.0 |      18 |       0 |   0.0
        D:3 |      60 |       0 |   0.0 |      21 |       0 |   0.0
            +---------+---------+-------+---------+---------+-------
